AoeStats
← Klaus

Golden Pit

508717117Analyzed
1v1 RM · 8d ago on Sep 23, 2026· 52m 52s· 2 players
Game mode
Random Map
Map size
Tiny (2 player)
Population
200
Speed
Normal
Resources
Standard
Victory
Conquest
Starting age
Dark Age
Ending age
Imperial Age
RankedLock teamsTeams togetherTeam positionsShared explorationLock speedFull tech treeHidden civsTurbo modeCheats
Victory
Defeat
🇮🇳 Romans · India
1330
+18
🇩🇪 Saxons · Germany
1379
-18
Klaus
9:52 Feudal Age
9:13 Loom
17:30 Horse Collar
17:44 Fletching
19:59 Padded Archer Armor
21:27 Gold Mining
25:54 Castle Age
24:10 Double-Bit Axe
25:40 Stone Mining
26:01 Crossbowman
26:39 Bodkin Arrow
29:13 Wheelbarrow
29:36 Bow Saw
33:11 Gold Shaft Mining
34:36 Heavy Plow
35:15 Sanctity
35:02 Clerical Recruitment
38:13 Hand Cart
38:20 Town Watch
40:18 Scale Mail Armor
41:15 Chain Mail Armor
41:47 Squires
41:13 Pikeman
42:49 Forging
46:34 Imperial Age
44:44 Iron Casting
45:16 Redemption
49:18 Two-Man Saw
48:49 Crop Rotation
49:29 Block Printing
48:48 Halberdier
50:49 Plate Mail Armor
50:57 Illumination
50:43 Arson
52:34 Theocracy
Shan6666
6:18 Loom
9:26 Feudal Age
9:27 Man-at-Arms
11:04 Scale Mail Armor
16:42 Double-Bit Axe
16:51 Fletching
23:56 Castle Age
22:03 Horse Collar
22:59 Bloodlines
23:20 Scale Barding Armor
26:32 Forging
31:51 Long Swordsman
33:30 Devotion
35:02 Wheelbarrow
34:10 Light Cavalry
34:50 Husbandry
37:32 Bodkin Arrow
40:10 Imperial Age
38:18 Bow Saw
39:30 Hand Cart
39:16 Stone Mining
46:14 Heavy Scorpion
48:20 Chain Mail Armor
47:30 Legionary
48:11 Squires
50:37 Ballistas
Connection lost

Rejoining the realm…

Still unreachable

The connection could not be restored.

Session expired

The server has moved on; the page needs a fresh start.